 Dungeon Crawl Stone Soup version 0.27.1-1-g398f81649c (webtiles) character file.

Game seed: 11286699657727458017

466 diana the Magician (level 7, -1/50 HPs)
             Began as a Djinni Fire Elementalist on Sept 18, 2021.
             Slain by Pikel (2 damage)
             ... on level 4 of the Dungeon.
             The game lasted 00:11:21 (5944 turns).

diana the Magician (Djinni Fire Elementalist)       Turns: 5944, Time: 00:11:23

Health: -1/50      AC:  3    Str:  7    XL:     7   Next: 30%
Gold:   98         EV: 13    Int: 19    God:
                   SH:  0    Dex: 13

rFire    + + .     SeeInvis .   b - +0 dagger (pain)
rCold    . . .     Faith    .   (no shield)
rNeg     . . .     Spirit   .   a - +0 robe
rPois    ∞         Reflect  .   i - +0 helmet of the Hot Ocelot {rF+ rCorr}
rElec    .         Harm     .   (no cloak)
rCorr    +         Rampage  .   (no gloves)
Will     .....                  (boots unavailable)
Stlth    ++........             (no amulet)
HPRegen  0.16/turn              h - ring of ice
MPRegen  0.00/turn              (no ring)

@: flying
A: sickness immunity, fire resistance 2, cold vulnerability 1, float, innate
caster, hp casting, extra vitality 1
a: no special abilities


You were on level 4 of the Dungeon.
You visited 1 branch of the dungeon, and saw 4 of its levels.

You collected 98 gold pieces.

Inventory:

Hand Weapons
 b - a +0 dagger of pain (weapon)
 e - a +0 rapier
Armour
 a - a +0 robe (worn)
 i - the +0 helmet of the Hot Ocelot (worn) {rF+ rCorr}
   (You took it off Robin on level 2 of the Dungeon)

   rF:        It protects you from fire.
   rCorr:     It protects you from acid and corrosion.
Magical Staves
 n - a staff of cold
Jewellery
 h - a ring of ice (left hand)
Wands
 k - a wand of iceblast (8)
Scrolls
 d - 9 scrolls of identify {unknown}
 g - a scroll of immolation {unknown}
 j - a scroll of fog {unknown}
 m - a scroll of magic mapping {unknown}
Potions
 c - a potion of heal wounds {unknown}
 f - 2 potions of degeneration {unknown}
 l - a potion of cancellation {unknown}
 o - a potion of resistance {unknown}


   Skills:
 + Level 3.1 Fighting
 + Level 4.4 Dodging
 - Level 1.5 Stealth
 * Level 4.6 Spellcasting


You couldn't memorise any spells.
You knew the following spells:

 Your Spells              Type           Power      Damage    Failure   Level
a - Foxfire               Conj/Fire      84%        2x1d8     1%          1
b - Conjure Flame         Conj/Fire      21%        6-21      6%          3
c - Inner Flame           Hex/Fire       21%        N/A       6%          3
d - Sticky Flame          Conj/Fire      21%        2d4       19%         4
e - Fireball              Conj/Fire      10%        3d6       47%         5
f - Sting                 Tmut/Pois      84%        1d7       1%          1
g - Poisonous Vapours     Pois/Air       42%        N/A       3%          2
h - Searing Ray           Conj           42%        3d4       3%          2
Your spell library was empty.

Dungeon Overview and Level Annotations

Branches:
Dungeon (4/15)
 Temple: D:4-7

Altars:
Fedhas
Kikubaaqudgha
Nemelex Xobeh
Qazlal
Ru
Wu Jian

Shops:
D:2 *

Annotations:
D:4 Pikel


Innate Abilities, Weirdness & Mutations

You are immune to sickness and miasma.
You are immune to poison.
Your flesh is very heat resistant. (rF++)
You are vulnerable to cold. (rC-)
You float through the air rather than walking.
You learn spells naturally, not from books.
Your magical power is your life essence.
You have superior vitality. (+4 HP)


Message History

Pikel is moderately wounded.
The searing ray hits the lemure!
The lemure is severely wounded.
Pikel hits you with a +0 whip of freezing!
Pikel freezes you.
The searing ray misses Pikel.
The searing ray hits the lemure!
You kill the lemure!
That felt strangely unrewarding.
You finish channeling your searing ray.
Pikel closely misses you.
Unknown command.
Casting: Searing Ray (safe; 3% risk of failure)
Confirm with . or Enter, or press ? or * to list all spells.
Aiming: Searing Ray (safe; 3% risk of failure)
Press: ? - help, Shift-Dir - straight line, f/p - Pikel
Aim: Pikel, wielding a +0 whip of freezing and wearing a +0 robe (moderately wounded, 72% to hit)
The searing ray hits Pikel.
Pikel is moderately wounded.
The searing ray misses the lemure. (Press . to maintain the ray.) Pikel hits you but does no damage.
The searing ray hits Pikel.
Pikel is moderately wounded.
The searing ray hits the lemure!
You kill the lemure!
That felt strangely unrewarding.
Pikel closely misses you.
The searing ray hits Pikel.
Pikel is heavily wounded.
Pikel hits you with a +0 whip of freezing!
* * * LOW HITPOINT WARNING * * *
Pikel freezes you.
* * * LOW HITPOINT WARNING * * *
Unknown command.
The searing ray misses Pikel.
The searing ray hits the lemure!
The lemure is heavily wounded.
* * * LOW HITPOINT WARNING * * *
You finish channeling your searing ray.
Pikel hits you with a +0 whip of freezing!
* * * LOW HITPOINT WARNING * * *
Pikel freezes you.
You die...

.. #.# #####.. #.
#(# ##....[..
#.###.#.###..##.<#
............##..#
##.###......#..#
### ......###....#
)..
##.#..###..#####
###.# ..
#...........####...
..
....#######.@K5#.#
. ....
#####...###.#.#
....#
#.............. .
#.#####.#####.#
#...)...# #55.....#
#K......#
..........#
#...$>.###...(


You could see Pikel and a lemure.

Vanquished Creatures
  Eustachio (D:4)
  3 lemures (D:4)
  A scorpion (D:4)
  2 orc priests
  Terence (D:2)
  Robin (D:2)
  4 gnolls (D:2)
  5 adders
  3 worms
  A dart slug (D:3)
  2 orcs (D:3)
  7 endoplasms
  2 giant cockroaches
  8 goblins
  12 hobgoblins
  3 quokkas (D:1)
  9 ball pythons
  4 bats
  A frilled lizard (D:2)
  8 kobolds
  5 rats
83 creatures vanquished.

Vanquished Creatures (others)
  220 foxfires
220 creatures vanquished.

Grand Total: 303 creatures vanquished

Notes
Turn   | Place    | Note
-------+----------+-------------------------------------------
     0 | D:1      | diana the Djinni Fire Elementalist began the quest for the
                  | Orb.
     0 | D:1      | Reached XP level 1. HP: 15/15 MP: 0/0
   270 | D:1      | Reached XP level 2. HP: 10/21 MP: 0/0
  1089 | D:1      | Reached XP level 3. HP: 25/26 MP: 0/0
  1089 | D:1      | Learned a level 1 spell: Sting
  1747 | D:2      | Reached skill level 1 in Fighting
  1911 | D:2      | Found a blossoming altar of Fedhas.
  1936 | D:2      | Reached XP level 4. HP: 29/32 MP: 0/0
  1966 | D:2      | Identified the +0 helmet of the Hot Ocelot {rF+ rCorr}
  1966 | D:2      | Noticed Robin
  1976 | D:2      | Killed Robin
  2687 | D:2      | Found Vafuf's General Store.
  2693 | D:2      | Reached XP level 5. HP: 25/37 MP: 0/0
  2693 | D:2      | Learned a level 2 spell: Poisonous Vapours
  3468 | D:2      | Noticed Terence
  3478 | D:2      | Killed Terence
  3944 | D:3      | Reached XP level 6. HP: 39/43 MP: 0/0
  4170 | D:3      | Found a faded altar of an unknown god.
  4320 | D:3      | Found a sparkling altar of Nemelex Xobeh.
  4364 | D:3      | Found a stormy altar of Qazlal.
  4366 | D:3      | Found a sacrificial altar of Ru.
  4368 | D:3      | Found an ornate altar of the Wu Jian Council.
  5072 | D:4      | Noticed Eustachio
  5680 | D:4      | Killed Eustachio
  5681 | D:4      | Reached XP level 7. HP: 24/50 MP: 0/0
  5681 | D:4      | Learned a level 2 spell: Searing Ray
  5922 | D:4      | Noticed Pikel
  5944 | D:4      | HP: 1/50 [Pikel (7)]
  5944 | D:4      | Slain by Pikel

Illustrated notes

Levels and vault maps discovered:
D:1:      dpeg_arrival_arbitrary_a, layout_basic, nrook_campfire
D:2:      layout_basic, serial_shops, shop_statue, basic_altar, uniq_robin,
          uniq_terence
D:3:      layout_rooms, chequers_temple_overflow_minitemple,
          ebering_ecumenical_altar_abandoned, minmay_misc_feat_diagonals
D:4:      layout_rooms, lightli_temple_of_fire, amethyst_overflow_temple_binary,
          minmay_temple_entry_purple_smoke, serial_shops,
          nicolae_shop_behind_doors, minmay_joined_circles, uniq_blork_the_orc,
          uniq_crazy_yiuf_cottage, uniq_eustachio, uniq_pikel

Skill      XL: |  1  2  3  4  5  6 |
---------------+-------------------+-----
Spellcasting   | 3 4 |  4.6
Fighting       | 1 2 3 |  3.1
Dodging        | 3 4 |  4.4
Stealth        | |  1.5

Action                   |  1- 3 |  4- 6 |  7- 9 || total
-------------------------+-------+-------+-------++-------
Melee: Dagger            |    21 |    40 |     2 ||    63
 Cast: Foxfire           |    64 |    70 |     6 ||   140
       Sting             |       |    30 |     2 ||    32
       Poisonous Vapours |       |    40 |       ||    40
       Searing Ray       |       |       |     4 ||     4
 Stab: Sleeping          |       |     1 |       ||     1
Armor: Robe              |     5 |    22 |     2 ||    29
Dodge: Dodged            |    35 |    79 |     7 ||   121
